 Dungeon Crawl Stone Soup version 0.27.1-33-g824d729ab1 (webtiles) character file.

Game seed: 9303878522360012701

0 Cheops the Skirmisher (level 1, -10/18 HPs)
             Began as a Formicid Abyssal Knight on Dec 7, 2021.
             Was a Follower of Lugonu.
             Mangled by a black mamba skeleton (13 damage)
             ... on level 1 of the Abyss.
             The game lasted 00:00:44 (89 turns).

Cheops the Skirmisher (Formicid Abyssal Knight)       Turns: 89, Time: 00:00:45

Health: -10/18     AC:  3    Str: 16    XL:     1   Next: 0%
Magic:  2/2        EV: 11    Int: 11    God:    Lugonu [*.....]
Gold:   0          SH:  0    Dex: 10    Spells: 0/0 levels left

rFire    . . .     SeeInvis +   a - +1 falchion
rCold    . . .     Faith    .   (no shield)
rNeg     . . .     Spirit   .   b - +0 leather armour
rPois    .         Reflect  .   (helmet unavailable)
rElec    .         Harm     .   (no cloak)
rCorr    .         Rampage  .   (no gloves)
Will     .....                  (no boots)
Stlth    +.........             (no amulet)
HPRegen  0.06/turn              (no ring)
MPRegen  0.08/turn              (no ring)

@: no status effects
A: permanent stasis, dig shafts and tunnels, antennae 3, four strong arms
a: Dig, Shaft Self, Renounce Religion, Depart the Abyss


You were on level 1 of the Abyss.
You worshipped Lugonu.
Lugonu was aware of your devotion.
You visited 0 branches of the dungeon, and saw 0 of its levels.
You visited the Abyss 1 time.

Inventory:

Hand Weapons
 a - a +1 falchion (weapon)
Armour
 b - a +0 leather armour (worn)


   Skills:
 + Level 3.2 Fighting
 + Level 2.0 Long Blades
 + Level 2.1 Armour
 + Level 0.8 Dodging
 + Level 2.1 Invocations


You couldn't memorise any spells.
You didn't know any spells.
Your spell library was empty.

Dungeon Overview and Level Annotations

Branches:
Dungeon (0/15)

Altars:


Innate Abilities, Weirdness & Mutations

You cannot be hasted, slowed, berserked, paralysed or teleported.
You can dig through walls and to a lower floor.
You have a pair of large antennae on your head. (SInv)
Your four strong arms can wield two-handed weapons with a shield.


Message History

Welcome, Cheops the Formicid Abyssal Knight.
It is said that the Orb of Zot exists deep within this dungeon.
Lugonu says: Depart the Abyss and spread corruption, my servant! (use the ability menu to exit the Abyss) Press ? for a list of commands and other information.
Found a corrupted altar of Lugonu and a broken altar of Ashenzari.
Found 12 gold pieces.
A deep elf demonologist comes into view.
It is wielding a +0 short sword.
The deep elf demonologist shouts!
You extend your mandibles.
You dig through the rock wall.
You retract your mandibles.
You extend your mandibles.
You dig through the rock wall.
A lurking horror comes into view.
You retract your mandibles.
You hit the lurking horror.
Your body is wracked with pain!
A large abomination comes into view.
A black mamba skeleton comes into view.
The black mamba skeleton moves out of view.
The black mamba skeleton bites you!
* * * LOW HITPOINT WARNING * * *
The black mamba skeleton closely misses you.
The black mamba skeleton barely misses you.
You riposte.
You slash the black mamba skeleton!
The black mamba skeleton is lightly damaged.
You slash the black mamba skeleton!
The black mamba skeleton is moderately damaged.
The black mamba skeleton barely misses you.
The black mamba skeleton completely misses you.
You slash the black mamba skeleton!
The black mamba skeleton is heavily damaged.
The black mamba skeleton bites you!
Ouch! That really hurt!
You die...

### .. #@### ..#
##Z.### . #
#..##..## .#
##.#....## #
#.X#.#..#.# ..
###..# .#..#...
#...##....... # .
##....#.#..##....
#..## .##..#...


You could see a large abomination and a black mamba skeleton.

Vanquished Creatures
  A lurking horror (Abyss:1)
1 creature vanquished.

Notes
Turn   | Place    | Note
-------+----------+-------------------------------------------
     0 | Abyss:1  | Cheops the Formicid Abyssal Knight began the quest for the
                  | Orb.
     0 | Abyss:1  | Reached XP level 1. HP: 18/18 MP: 2/2
    58 | Abyss:1  | Noticed a deep elf demonologist
    73 | Abyss:1  | Noticed a large abomination
    76 | Abyss:1  | Noticed a black mamba skeleton
    89 | Abyss:1  | Mangled by a black mamba skeleton

Illustrated notes

Levels and vault maps discovered:
Abyss:1:  base: Temple, base:
Temple

Action                   || total
-------------------------++-------
Melee: Falchion          ||     3
 Abil: Dig               ||     2
Dodge: Dodged            ||     4
       Rpst.: Falchion   ||     1
